 Dungeon Crawl Stone Soup version 0.31-a0-18-gea43df2a32 (webtiles) character file.

Game seed: 1029399164183532506

727 Dittersdorf the Covered (level 7, -3/44 HPs)
             Began as a Gargoyle Fighter on May 10, 2023.
             Was a Follower of Okawaru.
             Slain by a two-headed ogre
             ... wielding a +0 giant spiked club
              (8 damage)
             ... on level 5 of the Dungeon.
             The game lasted 00:04:06 (3652 turns).

Dittersdorf the Covered (Gargoyle Fighter)          Turns: 3652, Time: 00:04:07

Health: -3/44      AC: 16    Str: 22    XL:     7   Next: 72%
Magic:  0/7        EV: 13    Int:  8    God:    Okawaru [*.....]
Gold:   236        SH:  5    Dex:  9    Spells: 6/6 levels left

rFire   . . .        a - +0 flail
rCold   . . .        c - +0 buckler
rNeg    + . .        s - +0 chain mail
rPois   ∞            (no helmet)
rElec   +            (no cloak)
rCorr   .            A - +0 pair of gloves
SInv    .            (no boots)
Will    .....        f - amulet of guardian spirit Stlth
                     r - +5 ring of evasion
HPRegen 0.27/turn    (no ring)
MPRegen 0.10/turn

%: guardian spirit
@: no status effects
A: sickness immunity, AC +4, negative energy resistance 1, electricity
resistance, torment resistance 1, petrification resistance
a: Renounce Religion, Heroism


You were on level 5 of the Dungeon.
You worshipped Okawaru.
Okawaru was aware of your devotion.
You visited 2 branches of the dungeon, and saw 6 of its levels.

You collected 236 gold pieces.

Inventory:

Hand Weapons
 a - a +0 flail (weapon)
Armour
 c - a +0 buckler (worn)
 s - a +0 chain mail (worn)
 A - a +0 pair of gloves (worn)
Jewellery
 f - an amulet of guardian spirit (around neck)
 r - a +5 ring of evasion (left hand)
 y - a ring of protection from fire
Wands
 u - a wand of paralysis (10)
Scrolls
 b - a scroll of noise {unknown}
 g - 3 scrolls of magic mapping {unknown}
 h - 2 scrolls of vulnerability {unknown}
 i - a scroll of summoning {unknown}
 j - 7 scrolls of identify {unknown}
 k - a scroll of teleportation {unknown}
 v - a scroll of blinking {unknown}
 w - a scroll of brand weapon {unknown}
 x - 2 scrolls of poison {unknown}
 B - 2 scrolls of amnesia {unknown}
 C - 2 scrolls of fear {unknown}
Potions
 d - a potion of might
 e - 3 potions of degeneration {unknown}
 l - a potion of lignification {unknown}
 m - 2 potions of cancellation {unknown}
 n - 2 potions of brilliance {unknown}
 o - 2 potions of mutation {unknown}
 p - a potion of resistance {unknown}
 q - 5 potions of curing {unknown}
 t - a potion of heal wounds {unknown}
 z - a potion of haste {unknown}


   Skills:
 + Level 5.5 Fighting
 + Level 4.5 Maces & Flails
 + Level 5.5 Armour
 + Level 5.5 Shields


You had 6 spell levels left.
You didn't know any spells.
Your spell library contained the following spells:

 Spells                   Type           Power      Damage    Failure   Level
 Wereblood                Tmut           0%         N/A       99%         2
 Sublimation of Blood     Necr           Unusable   N/A       N/A         2
 Summon Hydra             Summ           Unusable   N/A       N/A         7

Dungeon Overview and Level Annotations

Branches:
Dungeon (5/15)             Temple (1/1) D:5

Altars:
Ashenzari
Cheibriados
Fedhas
Hepliaklqana
Kikubaaqudgha
Okawaru
Qazlal
Uskayaw
Wu Jian
The Shining One

Annotations:
D:1 2 runed translucent doors
D:3 3 runed translucent doors, mistaj's ghost, amateur VSFi


Innate Abilities, Weirdness & Mutations

You are immune to sickness and miasma.
Your stone body is resilient. (AC +4)
You are immune to poison.
You resist negative energy. (rN+)
You are resistant to electric shocks. (rElec)
You are resistant to unholy torment.
You are immune to petrification.


Message History

Found a scale mail.
You sock the sleepcap!
The sleepcap is moderately damaged.
The sleepcap closely misses you.
You hit the sleepcap.
The sleepcap is heavily damaged.
The sleepcap releases spores at you but does no damage.
You barely miss the two-headed ogre. The two-headed ogre barely misses you.
The two-headed ogre hits you with a +0 giant spiked club!
You hit the two-headed ogre.
The two-headed ogre is lightly wounded.
You hit the two-headed ogre.
The two-headed ogre is lightly wounded.
The two-headed ogre hits you with a +0 giant spiked club! x2
* * * LOW HITPOINT WARNING * * *
You are too injured to fight recklessly!
You are too injured to fight recklessly!
You are too injured to fight recklessly!
You are too injured to fight recklessly!
You are too injured to fight recklessly!
You are too injured to fight recklessly!
You are too injured to fight recklessly!
You are too injured to fight recklessly!
You are too injured to fight recklessly!
You are too injured to fight recklessly!
You are too injured to fight recklessly!
You are too injured to fight recklessly!
You are too injured to fight recklessly!
You are too injured to fight recklessly!
You are too injured to fight recklessly!
You are too injured to fight recklessly!
You barely miss the two-headed ogre.
The two-headed ogre is lightly wounded.
The two-headed ogre barely misses you. You block the two-headed ogre's attack.
You barely miss the two-headed ogre.
The two-headed ogre is lightly wounded.
The two-headed ogre hits you with a +0 giant spiked club!
* * * LOW HITPOINT WARNING * * *
The two-headed ogre hits you with a +0 giant spiked club!
You die...

....#......................######
...........####.....####..##....#
...........#..##...##..#........#
...........#...##.##...#.........
.....###...##...#.#...##.........
.......##...##.†#.#).##.........#
..####.......###...###.......#..#
...# #..........8..............#
...####......###@..###....##.####
....#.......##JO#.#).##.......##
...........##.Of#.#...##.......#
....##.##..#..5##.##...#......##
.##..).##..#[.##...##..#.......#
.#.)...#...####.....####......##
...(†.)........................#
.#.#####.....#.##...#..###...###
##..#...............#...##.###


You could see a two-headed ogre, an ogre, a sleepcap, a jelly and a white imp.

Vanquished Creatures
  2 scorpions (D:5)
  3 hounds (D:5)
  3 jellies (D:5)
  2 orc priests
  A sleepcap (D:3)
  4 iguanas (D:5)
  4 orc wizards
  6 adders
  An ufetubus (D:5)
  2 worms (D:3)
  4 dart slugs
  6 orcs
  13 endoplasms
  2 giant cockroaches
  7 goblins
  3 hobgoblins
  4 jackals (D:2)
  4 kobolds
  6 quokkas
  5 ball pythons
  5 bats
  A rat (D:3)
88 creatures vanquished.

Notes
Turn   | Place    | Note
-------+----------+-------------------------------------------
     0 | D:1      | Dittersdorf the Gargoyle Fighter began the quest for the
                  | Orb.
     0 | D:1      | Reached XP level 1. HP: 14/14 MP: 1/1
    78 | D:1      | Found a large runed translucent door.
    79 | D:1      | Found a large runed translucent door.
    87 | D:1      | Reached XP level 2. HP: 16/19 MP: 2/2
   118 | D:1      | Noticed an orc warrior
   881 | D:2      | Reached XP level 3. HP: 23/23 MP: 1/3
  1168 | D:2      | Reached XP level 4. HP: 28/29 MP: 2/4
  1482 | D:3      | Found a runed translucent gate.
  1482 | D:3      | Found a runed translucent gate.
  1482 | D:3      | Found a runed translucent gate.
  1627 | D:3      | Reached XP level 5. HP: 33/33 MP: 3/5
  1768 | D:3      | Noticed mistaj's ghost (amateur VSFi)
  2579 | D:4      | Reached XP level 6. HP: 39/39 MP: 6/6
  2899 | D:4      | Found a glowing golden altar of the Shining One.
  2929 | D:5      | Entered Level 5 of the Dungeon
  2930 | D:5      | Found a staircase to the Ecumenical Temple.
  2939 | Temple   | Entered the Ecumenical Temple
  2949 | Temple   | Became a worshipper of Warmaster Okawaru
  3086 | D:5      | Reached skill level 5 in Shields
  3125 | D:5      | Reached skill level 5 in Fighting
  3125 | D:5      | Reached skill level 5 in Armour
  3125 | D:5      | Reached XP level 7. HP: 42/44 MP: 7/7
  3534 | D:5      | Reached * piety under Okawaru
  3645 | D:5      | Noticed a two-headed ogre
  3652 | D:5      | Slain by a two-headed ogre

Illustrated notes

Levels and vault maps discovered:
D:1:      erik_arrival_cave_to_civilisation [erik_arrival_cave_to_temple],
          layout_basic
D:2:      layout_rooms
D:3:      layout_loops_ring, gammafunk_ghost_icy
D:4:      layout_rooms, tso_altar
D:5:      cheibrodos_barr_body, layout_cave_pools, minmay_temple_entry_arrows,
          serial_shops, kennysheep_little_box
Temple:   regret_index_temple_mists

Skill      XL: |  1  2  3  4  5  6  7 |
---------------+----------------------+-----
Fighting       | 4 5 |  5.5
Armour         | 4 5 |  5.5
Shields        | 4 5 |  5.5
Maces & Flails | 3 4 |  4.5

Action                     |  1- 3 |  4- 6 |  7- 9 || total
---------------------------+-------+-------+-------++-------
  Melee: Flail             |   134 |   210 |   125 ||   469
 Armour: Scale mail        |    12 |       |       ||    12
         Chain mail        |    97 |    96 |    63 ||   256
  Dodge: Dodged            |   137 |   143 |    70 ||   350
  Block: Buckler           |    47 |    42 |    28 ||   117

Table legend: (Time is in decaauts)
 A = Elapsed time spent in this place.
 B = Non-inter-level travel time spent in this place.
 C = Inter-level travel time spent in this place.
 D = Time resting spent in this place.
 E = Time spent auto-exploring this place.
 F = Levels seen in this place.
 G = Mean time per level.
                   A        B        C        D        E       F      G
               +--------+--------+--------+--------+--------+-----+--------+
         Total |   3782 |   3657 |    125 |    253 |   2382 |   6 |  630.3 |
       Dungeon |   3756 |   3642 |    114 |    253 |   2382 |   5 |  751.2 |
        Temple |     25 |     15 |     10 |      0 |      0 |   1 |   25.0 |
               +--------+--------+--------+--------+--------+-----+--------+

Top non-repeatable levels by time:
     D:4: 801 daAuts
     D:1: 799 daAuts
     D:3: 765 daAuts
     D:5: 735 daAuts
     D:2: 655 daAuts
  Temple: 25 daAuts
